 Dungeon Crawl Stone Soup version 0.27-a0-1154-gfdeffcb720 (webtiles) character file.

Game seed: 15415307387296292080

662 freelancePsychic the Slicer (level 7, -1/61 HPs)
             Began as a Kobold Berserker on May 15, 2021.
             Was a Believer of Trog.
             Killed by divine providence
             ... invoked by an orc priest
              (14 damage)
             ... on level 4 of the Dungeon.
             The game lasted 00:05:25 (5272 turns).

freelancePsychic the Slicer (Kobold Berserker)      Turns: 5272, Time: 00:05:26

Health: -1/61      AC:  3    Str: 16    XL:     7   Next: 87%
Magic:  7/7        EV: 14    Int:  9    God:    Trog [**....]
Gold:   223        SH:  0    Dex: 14    Spells: 6/6 levels left

rFire    . . .     SeeInvis .   o - +2 dagger (venom)
rCold    . . .     Faith    +   (shield restricted)
rNeg     . . .     Spirit   .   b - +0 animal skin
rPois    .         Reflect  .   (no helmet)
rElec    .         Harm     .   f - +0 cloak
rCorr    .         Rampage  .   (no gloves)
Will     ++...                  (no boots)
Stlth    ..........             k - amulet of faith
HPRegen  1.20/turn              (no ring)
MPRegen  0.10/turn              (no ring)

@: berserking (expiring), strong-willed (expiring), regenerating (expiring),
very quick
A: small, no large weapons, nightstalker 3
a: Renounce Religion, Berserk, Trog's Hand


You were on level 4 of the Dungeon.
You worshipped Trog.
Trog was pleased with you.
You visited 1 branch of the dungeon, and saw 5 of its levels.

You collected 223 gold pieces.

Inventory:

Hand Weapons
 o - a +2 dagger of venom (weapon)
Missiles
 e - 22 bolts
Armour
 b - a +0 animal skin (worn)
 f - a +0 cloak (worn)
 g - a +0 plate armour
Jewellery
 k - an amulet of faith (around neck)
 m - a ring of magical power
 n - a ring of protection from cold
Wands
 p - a wand of paralysis (21)
 q - a wand of digging (8)
Scrolls
 a - a scroll of amnesia {unknown}
 c - 3 scrolls of identify {unknown}
 d - a scroll of enchant weapon {unknown}
 i - 5 scrolls of teleportation {unknown}
 j - 2 scrolls of fog {unknown}
 t - a scroll of noise {unknown}
Potions
 h - 2 potions of haste {unknown}
 l - 2 potions of ambrosia {unknown}
 r - 3 potions of flight {unknown}
 s - a potion of curing {unknown}
 u - a potion of heal wounds {unknown}


   Skills:
 - Level 3.2 Fighting
 * Level 9.2 Short Blades
 - Level 1.5 Armour
 - Level 2.4 Dodging
 + Level 6.9 Stealth


You had 6 spell levels left.
You didn't know any spells.
Your spell library was empty.

Dungeon Overview and Level Annotations

Branches:
Dungeon (5/15)
 Temple: D:4-7

Altars:


Innate Abilities, Weirdness & Mutations

You are small and have problems with some larger weapons.
You are completely attuned to the shadows.


Message History

You barely miss Grinder.
Grinder is moderately wounded.
You barely miss Grinder.
Grinder is moderately wounded.
The orc priest calls down the wrath of Beogh upon you.
Beogh smites you!
You puncture Grinder!
Grinder is poisoned.
Grinder is heavily wounded.
Grinder hits you.
You puncture Grinder!
Grinder is severely wounded.
You completely miss Grinder.
Grinder is severely wounded.
Grinder says, "Just stop there for a second..."
Grinder gestures at you. You resist with almost no effort.
You hit Grinder.
Grinder is almost dead.
You hit Grinder.
You kill Grinder!
Trog accepts your kill.
Your Short Blades skill increases to level 9!
You puncture the orc!
You kill the orc!
Trog accepts your kill.
You closely miss the ufetubus. You miss the ufetubus. The ufetubus hits you.
The ufetubus closely misses you.
The orc priest calls down the wrath of Beogh upon you.
Beogh smites you!
* * * LOW HITPOINT WARNING * * *
You completely miss the ufetubus. The ufetubus hits you.
* * * LOW HITPOINT WARNING * * *
The ufetubus closely misses you.
You puncture the ufetubus!
You kill the ufetubus!
Trog accepts your kill.
You feel the effects of Trog's Hand fading.
The orc priest invokes the aid of Beogh against you.
Beogh smites you!
You die...

...#######
...##....#
#.......#
######.......######
....$@o...........
######.......###.##
#.......###..#
#............#
##..#.....#..##
#..##.....##..##
.5.##..#.#..##..##
..o# ..##.##..##...
#.. .. ##.....#


You could see an orc priest.

Vanquished Creatures
  Grinder (D:4)
  An ogre (D:4)
  A phantom (D:4)
  A water moccasin skeleton (D:5)
  An orc priest (D:3)
  A hound (D:4)
  3 iguanas
  A killer bee zombie (D:3)
  3 adders
  A white imp (D:5)
  An ufetubus (D:4)
  An adder skeleton (D:4)
  A worm (D:3)
  4 dart slugs
  7 orcs
  3 ball pythons
  4 endoplasms
  5 giant cockroaches
  4 goblins
  A hobgoblin (D:1)
  4 jackals (D:4)
  3 kobolds
  2 quokkas
  3 bats
  A frilled lizard (D:1)
  5 rats
63 creatures vanquished.

Notes
Turn   | Place    | Note
-------+----------+-------------------------------------------
     0 | D:1      | freelancePsychic the Kobold Berserker began the quest for
                  | the Orb.
     0 | D:1      | Reached XP level 1. HP: 14/14 MP: 1/1
   318 | D:1      | Reached skill level 1 in Stealth
   517 | D:1      | Reached XP level 2. HP: 19/19 MP: 2/2
  1457 | D:2      | Reached XP level 3. HP: 23/23 MP: 3/3
  2302 | D:3      | Found a faded altar of an unknown god.
  2339 | D:3      | Reached skill level 5 in Short Blades
  2445 | D:3      | Reached XP level 4. HP: 27/28 MP: 4/4
  2653 | D:3      | Reached XP level 5. HP: 32/32 MP: 5/5
  2673 | D:3      | Reached skill level 6 in Short Blades
  2684 | D:3      | Reached ** piety under Trog
  3312 | D:4      | Noticed an ogre
  3316 | D:4      | Killed an ogre
  3317 | D:4      | Reached skill level 7 in Short Blades
  3317 | D:4      | Reached skill level 5 in Stealth
  3317 | D:4      | Reached XP level 6. HP: 37/37 MP: 6/6
  3730 | D:4      | Noticed Grinder
  3733 | D:4      | Paralysed by Grinder for 3 turns
  3738 | D:5      | Entered Level 5 of the Dungeon
  3813 | D:5      | Reached XP level 7. HP: 41/41 MP: 7/7
  4176 | D:5      | Reached skill level 8 in Short Blades
  5266 | D:4      | Killed Grinder
  5267 | D:4      | Reached skill level 9 in Short Blades
  5272 | D:4      | Killed from afar by an orc priest

Illustrated notes

Levels and vault maps discovered:
D:1:      lemuel_arrival_hallway, layout_loops_ring, nrook_uturn
D:2:      layout_loops_cross, chequers_garden, minmay_misc_feat_square
D:3:      layout_basic, shapermc_ecumenical_altar_gd, uniq_crazy_yiuf_cottage
D:4:      layout_basic, marbit_many_paths, lemuel_doored_altar,
          minmay_temple_entry_waves, minmay_misc_feat_roman, uniq_eustachio,
          uniq_grinder, uniq_ijyb, uniq_edmund
D:5:      layout_basic, serial_co_window_serial, co_window_corner_a,
          co_window_corner_a, co_window_paths_b, co_window_corner_a,
          co_window_of_opportunity_a, co_window_paths_a, co_window_corner_a,
          co_window_paths_b, co_window_paths_b, co_window_broadway_b,
          co_window_of_opportunity_b, co_window_corner_cb,
          co_window_of_opportunity_b, glass_columns_a, glass_columns_a,
          glass_columns_a, glass_columns_a

Skill      XL: |  1  2  3  4  5  6  7 |
---------------+----------------------+-----
Stealth        | 1 2 3 4 5 6 |  6.9
Short Blades   | 5 7 9 |  9.2
Fighting       | |  3.2
Armour         | |  1.5
Dodging        | |  2.4

Action                   |  1- 3 |  4- 6 |  7- 9 || total
-------------------------+-------+-------+-------++-------
Melee: Short sword       |    11 |       |       ||    11
       Dagger            |    59 |    60 |    32 ||   151
Invok: Berserk           |     3 |     4 |     2 ||     9
       Trog's Hand       |       |       |     1 ||     1
 Stab: Sleeping          |    13 |    13 |     2 ||    28
       Distracted        |       |       |     1 ||     1
Armor: Animal skin       |     5 |     2 |       ||     7
Dodge: Dodged            |    30 |    26 |    13 ||    69

Table legend: (Time is in decaauts)
 A = Elapsed time spent in this place.
 B = Non-inter-level travel time spent in this place.
 C = Inter-level travel time spent in this place.
 D = Time resting spent in this place.
 E = Time spent auto-exploring this place.
 F = Levels seen in this place.
 G = Mean time per level.
                   A        B        C        D        E       F      G
               +--------+--------+--------+--------+--------+-----+--------+
         Total |   5295 |   5149 |    146 |    886 |   3880 |   5 | 1059.0 |
       Dungeon |   5295 |   5149 |    146 |    886 |   3880 |   5 | 1059.0 |
               +--------+--------+--------+--------+--------+-----+--------+

Top non-repeatable levels by time:
     D:5: 1539 daAuts
     D:3: 1277 daAuts
     D:1: 996 daAuts
     D:2: 916 daAuts
     D:4: 564 daAuts
